 Dungeon Crawl Stone Soup version 0.21.1-1-g345015f (webtiles) character file.

378 Falco the Ruffian (level 6, 0/52 HPs)
             Began as a Ghoul Monk on May 3, 2018.
             Was a Believer of Kikubaaqudgha.
             Slain by a hound (5 damage)
             ... on level 5 of the Dungeon.
             The game lasted 00:20:05 (3964 turns).

Falco the Ruffian (Ghoul Monk)                      Turns: 3964, Time: 00:20:05

Health: 0/52       AC:  2    Str: 17    XL:     6   Next: 74%
Magic:  5/5        EV: 13    Int:  5    God:    Kikubaaqudgha [**....]
Gold:   214        SH:  0    Dex: 11    Spells: 1/5 levels left

rFire    . . .     SeeInvis .     - Unarmed
rCold    + . .     Gourm    .   (no shield)
rNeg     + + +     Faith    .   a - +0 robe
rPois    ∞         Spirit   .   (no helmet)
rElec    .         Reflect  .   (no cloak)
rCorr    .         Harm     .   (no gloves)
MR       .....                  (no boots)
Stlth    +.........             (no amulet)
HPRegen  0.00/turn              (no ring)
MPRegen  0.09/turn              (no ring)

@: confused, rotting
A: rotting body, claws 1, carnivore, cold resistance 1, negative energy
resistance 3, inhibited regeneration, torment resistance, unbreathing
a: Receive Corpses, Renounce Religion


You were on level 5 of the Dungeon.
You worshipped Kikubaaqudgha.
Kikubaaqudgha was pleased with you.
You were not hungry.

You visited 2 branches of the dungeon, and saw 6 of its levels.

You collected 214 gold pieces.

Inventory:

Hand Weapons
 n - a cursed -2 mace
Missiles
 f - 7 tomahawks of dispersal (quivered)
Armour
 a - a +0 robe (worn)
Jewellery
 k - an uncursed ring of loudness
Wands
 h - a wand of disintegration (15)
Scrolls
 c - 2 scrolls of magic mapping {unknown}
 i - a scroll of enchant weapon {unknown}
 l - 3 scrolls of teleportation {unknown}
 q - a scroll of remove curse
 s - a scroll of amnesia {unknown}
Potions
 d - 2 potions of brilliance
 e - a potion of cancellation {unknown}
 j - a potion of mutation {unknown}
 o - 2 potions of lignification
 p - a potion of agility {unknown}
 r - a potion of flight {unknown}
Books
 m - Kikubaaqudgha's Papyrus of Unholy Secrets
   (Kikubaaqudgha gifted it to you in the Ecumenical Temple)

   Spells                             Type                      Level
   a - Animate Skeleton               Necromancy                   1
   b - Pain                           Necromancy                   1
   c - Corpse Rot                     Necromancy                   2
   d - Vampiric Draining              Necromancy                   3
Comestibles
 b - 7 rations
 t - 2 chunks of flesh


   Skills:
 + Level 4.1 Fighting
 + Level 3.8 Dodging
 + Level 3.8 Stealth
 + Level 6.2 Unarmed Combat


You had one spell level left.
You knew the following spells:

 Your Spells              Type           Power        Failure   Level  Hunger
a - Animate Skeleton      Necr           N/A          47%         1    ##.....
b - Pain                  Necr           #...         47%         1    ##.....
c - Corpse Rot            Necr           N/A          63%         2    ###....


Dungeon Overview and Level Annotations

Branches:
Dungeon (5/15)             Temple (1/1) D:4

Altars:
Ashenzari
Cheibriados
Dithmenos
Elyvilon
Gozag
Hepliaklqana
Kikubaaqudgha
Qazlal
Ru
Sif Muna
Trog
Uskayaw
Vehumet
Wu Jian
Xom
Yredelemnul
Zin
The Shining One


Innate Abilities, Weirdness & Mutations

Your body is rotting away.
You thrive on raw meat.
You are immune to poison.
You have sharp fingernails.
You are carnivorous and can eat meat at any time.
Your flesh is cold resistant. (rC+)
You are immune to negative energy. (rN+++)
You do not regenerate when monsters are visible.
You are immune to unholy pain and torment.
You can survive without breathing.


Message History

You scratch the ogre.
The ogre is heavily wounded.
The ogre closely misses you.
You scratch the ogre.
The ogre is severely wounded.
A hound comes into view.
The hound barks!
You scratch the ogre.
The ogre is severely wounded.
The ogre barely misses you.
You scratch the ogre.
The ogre is severely wounded.
The ogre hits you with a giant club!!
* * * LOW HITPOINT WARNING * * *
An adder comes into view.
The hound barely misses you.
You are confused.
You feel invigorated. The hound bites you.
You die...
Kikubaaqudgha rasps: "You have failed me!
Welcome... oblivion!"

#.#.### # ... .....
#.##.S
###.#####.##.###
#.....(<.......
#.#.....#.#...#
#.###.....#...#
#.#...........#
#.##########O.####..
#.........@h>.......
############........
#......!. #########


You could see an ogre and a hound.

Vanquished Creatures
  An ogre (D:4)
  The ghost of Scar the Magician, an amateur HuWn (D:3)
  An orc wizard (D:4)
  2 worker ants (D:4)
  4 adders
  An ooze (D:4)
  A worm (D:3)
  5 dart slugs
  10 orcs
  4 giant cockroaches
  8 goblins
  8 hobgoblins
  9 jackals (D:4)
  A quokka (D:3)
  11 bats
  2 frilled lizards
  4 kobolds
  5 rats
78 creatures vanquished.

Notes
Turn   | Place    | Note
-------+----------+-------------------------------------------
     0 | D:1      | Falco the Ghoul Monk began the quest for the Orb.
     0 | D:1      | Reached XP level 1. HP: 19/19 MP: 0/0
   338 | D:1      | Reached XP level 2. HP: 21/26 MP: 1/1
   568 | D:1      | Reached XP level 3. HP: 33/33 MP: 2/2
  1652 | D:3      | Reached skill level 4 in Unarmed Combat
  1657 | D:3      | Reached XP level 4. HP: 15/39 MP: 3/3
  2075 | D:3      | Noticed Scar's ghost (amateur HuWn)
  2094 | D:3      | Killed Scar's ghost
  2094 | D:3      | Reached XP level 5. HP: 24/46 MP: 4/4
  2250 | D:3      | Reached skill level 5 in Unarmed Combat
  2777 | D:4      | Noticed an ogre
  2793 | D:4      | HP: 2/46 [ogre/giant club (21)]
  2806 | D:4      | Killed an ogre
  2806 | D:4      | Reached XP level 6. HP: 27/52 MP: 5/5
  3132 | D:4      | Reached skill level 6 in Unarmed Combat
  3460 | D:4      | Found a staircase to the Ecumenical Temple.
  3520 | Temple   | Entered the Ecumenical Temple
  3731 | Temple   | Became a worshipper of Kikubaaqudgha
  3731 | Temple   | Reached * piety under Kikubaaqudgha
  3731 | Temple   | Identified Kikubaaqudgha's Papyrus of Unholy Secrets (Kikubaaqudgha gifted it to you in the Ecumenical Temple)
  3731 | Temple   | Received a gift from Kikubaaqudgha
  3731 | Temple   | Reached ** piety under Kikubaaqudgha
  3735 | Temple   | Learned a level 1 spell: Animate Skeleton
  3737 | Temple   | Learned a level 1 spell: Pain
  3740 | Temple   | Learned a level 2 spell: Corpse Rot
  3926 | D:5      | Entered Level 5 of the Dungeon
  3960 | D:5      | HP: 2/52 [ogre/giant club (20)]
  3964 | D:5      | Slain by a hound

Skill      XL: |  1  2  3  4  5  6 |
---------------+-------------------+-----
Dodging        | 3 |  3.8
Unarmed Combat | 4 5 6 |  6.2
Fighting       | 4 |  4.1
Stealth        | 3 |  3.8

Action                   |  1- 3 |  4- 6 || total
-------------------------+-------+-------++-------
Melee: Unarmed           |   133 |   125 ||   258
       Punch             |     1 |     2 ||     3
  Use: Scroll            |     2 |     4 ||     6
       Potion            |       |     5 ||     5
 Stab: Sleeping          |     4 |     4 ||     8
  Eat: Chunk             |     3 |     5 ||     8
       Ration            |       |     1 ||     1
Armor: Robe              |    17 |    13 ||    30
Dodge: Dodged            |    86 |    71 ||   157
